cohdb
Replays
Latest Replays
All Replays
Popular Replays
Top Player Replays
Match Explorer
How It Works
Community
CoH3 Stats
Reddit
Sign in to upload your games and track your stats! →
Sign in with Steam
Match 37475780
Unlisted
Match 37475780
Overview
Messages
Build Orders
End
Vickers Machine Gun Team
Construct Section Command Post
ML 3-inch Mortar Team
Infantry Section
Infantry Section
Grenade Package
Construct Platoon Command Post
6-pounder Anti-tank Gun Team
Humber Armored Car
Unlock Bishop Self-propelled Artillery
Bishop Self-propelled Artillery
Selects Air and Sea Battlegroup
Selects Air and Sea Battlegroup
Selects Supply Surplus
Construct Resource Cache
Construct Resource Cache
Construct Resource Cache
Construct Company Command Post
Selects Centaur Medium Tank
Construct Resource Cache
Construct Resource Cache
Foot Guards Section
Unlock M3 Grant Medium Tanks
M3 Grant Medium Tank
M3 Grant Medium Tank
Forward Retreat Point
CMP 15cwt Truck
Armored Vehicle Training
Infantry Training
M3 Grant Medium Tank
Construct Resource Cache
Team Weapon Training
Light Vehicle Training
拜者为叩
R19
皮皮
孤冰月
<<THE SERGEANT>>
萌新
Gollum
R2
0
0
Comments
sign in to comment!
No comments posted yet!